 Dungeon Crawl Stone Soup version 0.30.1-11-g7821555f0a (webtiles) character file.

Game seed: 8474265816679143509

15 SniperLyfe the Caller (level 2, -2/11 HPs)
             Began as a Felid Summoner on Dec 11, 2023.
             Slain by Terence
             ... wielding a +0 flail
              (11 damage)
             ... on level 2 of the Dungeon.
             The game lasted 00:03:02 (836 turns).

SniperLyfe the Caller (Felid Summoner)               Turns: 836, Time: 00:03:03

Health: -2/11      AC:  1    Str:  4    XL:     2   Next: 34%
Magic:  2/6        EV: 17    Int: 16    God:
Gold:   77         SH:  0    Dex: 16    Spells: 2/5 levels left
                                        Lives:  0   Deaths: 0

rFire   . . .        (weapon unavailable)
rCold   . . .        (shield unavailable)
rNeg    . . .        (body armour unavailable)
rPois   .            (helmet unavailable)
rElec   .            (cloak unavailable)
rCorr   .            (gloves unavailable)
SInv    +            (boots unavailable)
Will    .....        (no amulet)
Stlth   ++           (no ring)
HPRegen 0.21/turn    (no ring)
MPRegen 0.10/turn

%: no passive effects
@: quick
A: very small, claws 1, fangs 3, see invisible, speed 1, shaggy fur 1, stealthy
paws, no weapons or thrown items, no armour, multi-lived
a: no special abilities


You were on level 2 of the Dungeon.
You visited 1 branch of the dungeon, and saw 2 of its levels.

You collected 77 gold pieces.

Inventory:

Jewellery
 c - a ring of positive energy
Scrolls
 d - 3 scrolls of immolation {unknown}
 f - a scroll of acquirement {unknown}
 h - a scroll of blinking {unknown}
 l - a scroll of vulnerability {unknown}
Potions
 a - a potion of magic
 b - a potion of might {unknown}
 e - a potion of curing {unknown}
 g - a potion of flight {unknown}
 i - a potion of heal wounds {unknown}
 j - a potion of haste {unknown}
 k - a potion of lignification {unknown}
 m - a potion of brilliance {unknown}


   Skills:
 - Level 2.6 Dodging
 - Level 2.6 Stealth
 + Level 2.2 Spellcasting
 * Level 4.4 Summonings


You had 2 spell levels left.
You knew the following spells:

 Your Spells              Type           Power      Damage    Failure   Level
a - Summon Small Mammal   Summ           64%        N/A       3%          1
b - Call Imp              Summ           32%        N/A       4%          2

Your spell library contained the following spells:

 Spells                   Type           Power      Damage    Failure   Level
 Kiss of Death            Conj/Necr      4%         2d5       21%         1
 Call Canine Familiar     Summ           16%        N/A       10%         3
 Summon Guardian Golem    Hex/Summ       8%         N/A       24%         3
 Confusing Touch          Hex            1%         N/A       52%         3
 Summon Lightning Spire   Summ/Air       8%         N/A       63%         4
 Dispel Undead            Necr           1%         3d6       90%         4


Dungeon Overview and Level Annotations

Branches:
Dungeon (2/15)

Altars:

Annotations:
D:2 Terence


Innate Abilities, Weirdness & Mutations

You have sharp claws.
You have razor-sharp teeth.
You have supernaturally acute eyesight. (SInv)
You cover ground quickly. (Speed+)
You are covered in fur. (AC +1)
Your paws help you pounce on unaware monsters.
You are incapable of wielding weapons or throwing items.
You cannot wear armour.
You gain extra lives every three experience levels.


Message History

Your cerulean imp hits the frilled lizard from afar with a -3 spear.
The frilled lizard dies!
Your magical contamination has completely faded away.
Your cerulean imp disappears in a puff of smoke!
You swap places.
Your bat disappears in a puff of smoke!
Found a throwing net.
Found a stone staircase leading up.
Terence the Incautious comes into view.
He is wielding a +0 flail and wearing a +4 scale mail of fire resistance.
You see here a throwing net.
Terence is nearby!
Terence is nearby! 2 gnolls come into view.
Casting: Summon Small Mammal (safe; 3% risk of failure)
Confirm with . or Enter, or press ? or * to list all spells.
Casting: Summon Small Mammal (safe; 3% risk of failure)
Confirm with . or Enter, or press ? or * to list all spells.
The gnoll shouts!
A gnoll comes into view. It is wielding a +0 club.
The gnoll hits your quokka with a +0 flail.
The gnoll barely misses your quokka.
Your quokka bites the gnoll.
The gnoll barely misses your quokka. The gnoll closely misses your quokka.
Something closely misses your quokka.
Casting: Summon Small Mammal (safe; 3% risk of failure)
Confirm with . or Enter, or press ? or * to list all spells.
A tiny devil pulls itself out of the air.
Your quokka barely misses the gnoll.
The gnoll hits your quokka with a +0 flail!
Your quokka dies!
Your quokka's corpse disappears in a puff of smoke!
Terence hits you with a +0 flail. The gnoll closely misses your quokka.
Your quokka completely misses the gnoll.
Terence barely misses you.
The gnoll hits your quokka with a +0 flail.
The gnoll closely misses your quokka.
Your quokka bites the gnoll.
Your cerulean imp barely misses Terence.
A gnoll comes into view. It is wielding a +0 spear.
Terence hits you with a +0 flail!
Ouch! That really hurt!
You die...

.......# .......## .
...g... .. ..#gg.##..
##g.r.... #.. # #<.#...#
#..# #.####..#@..# #..
#.......@...# #.# ##
#......5(#########.# ...
.#......#.........# ....
#.##.#.#.........#.....
# #.#.#........<......
#.#.#.........#..... .
..#.#.........# ....
..... ###.#.........#
...
.......#####.#.........#
..


You could see Terence (fast, ally target), 4 gnolls, a friendly cerulean imp
(summoned) and a friendly quokka (summoned).

Vanquished Creatures
  A quokka (D:2)
1 creature vanquished.

Vanquished Creatures (collateral kills)
  An endoplasm (D:1)
  A giant cockroach (D:1)
  A goblin (D:1)
  A quokka (D:1)
  3 ball pythons
  3 frilled lizards
  2 kobolds (D:1)
  2 rats (D:1)
14 creatures vanquished.

Grand Total: 15 creatures vanquished

Notes
Turn   | Place    | Note
-------+----------+-------------------------------------------
     0 | D:1      | SniperLyfe the Felid Summoner began the quest for the Orb.
     0 | D:1      | Reached XP level 1. HP: 7/7 MP: 4/4
   107 | D:1      | Found a faded altar of an unknown god.
   278 | D:1      | Reached XP level 2. HP: 11/11 MP: 3/6
   757 | D:2      | Learned a level 2 spell: Call Imp
   827 | D:2      | Noticed Terence
   836 | D:2      | Slain by Terence

Illustrated notes

Levels and vault maps discovered:
D:1:      elethiomel_arrival_quiet, layout_rooms, basic_ecumenical_altar,
          kennysheep_doodads
D:2:      layout_basic, basic_altar, serial_shops, shop, lemuel_flame_loot_1,
          uniq_terence

Action                     || total
---------------------------++-------
  Melee: Unarmed           ||     8
   Cast: Summon Small Mamm ||    24
         Call Imp          ||     2
   Stab: Distracted        ||     1
 Armour: Skin              ||     2
  Dodge: Dodged            ||    26
